 Dungeon Crawl Stone Soup version 0.26.1-10-gdfb7c7de75 (webtiles) character file.

Game seed: 17816908459568282892

4855 infcreate the Covert (level 10, -11/56 HPs)
             Began as a Vampire Enchanter on Apr 5, 2021.
             Was a Priest of Dithmenos.
             Mangled by a slime creature (15 damage)
             ... on level 7 of the Dungeon.
             The game lasted 00:41:25 (9834 turns).

infcreate the Covert (Vampire Enchanter)            Turns: 9834, Time: 00:41:26

Health: -11/56     AC:  7    Str:  7    XL:     10   Next: 25%
Magic:  9/17       EV: 18    Int: 19    God:    Dithmenos [***...]
Gold:   383        SH:  5    Dex: 20    Spells: 12/18 levels left

rFire    . . .     SeeInvis +   x - +2 dagger (drain)
rCold    + + .     Faith    .   (no shield)
rNeg     + + +     Spirit   .   b - +1 robe
rPois    ∞         Reflect  +   v - +0 helmet
rElec    .         Harm     .   y - +0 cloak
rCorr    .         Rampage  .   o - +0 pair of gloves
Will     +....                  d - +0 pair of boots Stlth *+++++++++
                                j - amulet of reflection
HPRegen  0.00/turn              a - ring "Wenoadorr" {Dex+3 Stlth+}
MPRegen  0.15/turn              (no ring)

@: bloodless, wreathed by umbra
A: fangs 3, see invisible, unbreathing
a: Bat Form, Revivify, Renounce Religion, Shadow Step


You were on level 7 of the Dungeon.
You worshipped Dithmenos.
Dithmenos was most pleased with you.
You visited 2 branches of the dungeon, and saw 9 of its levels.

You collected 383 gold pieces.


Innate Abilities, Weirdness & Mutations

You do not regenerate when monsters are visible.
You are frail without blood (-20% HP).
You can heal yourself when you bite living creatures.
You are immune to poison.
You have razor-sharp teeth.
You have supernaturally acute eyesight. (SInv)
You can survive without breathing.


   Skills:
 + Level 4.1 Fighting
 * Level 7.4 Short Blades
 * Level 7.8 Dodging
 * Level 11.2 Stealth
 + Level 4.7 Spellcasting
 * Level 10.5 Hexes


You had 12 spell levels left.
You knew the following spells:

 Your Spells              Type           Power        Failure   Level
c - Corona                Hex            48%          1%          1
e - Ensorcelled Hibernat  Hex/Ice        48%          2%          2
t - Confusing Touch       Hex            44%          1%          3

Your spell library contained the following spells:

 Spells                   Type           Power        Failure   Level
 Slow                     Hex            44%          1%          2
 Tukima's Dance           Hex            44%          1%          3
 Dazzling Flash           Conj/Hex       48%          4%          3
 Inner Flame              Hex/Fire       24%          4%          3
 Foxfire                  Conj/Fire      16%          13%         1
 Magic Dart               Conj           16%          13%         1
 Blink                    Tloc           N/A          19%         2
 Call Imp                 Summ           4%           19%         2
 Conjure Flame            Conj/Fire      4%           36%         3
 Mephitic Cloud           Conj/Pois/Air  4%           36%         3
 Sticky Flame             Conj/Fire      4%           77%         4
 Fireball                 Conj/Fire      2%           98%         5

Inventory:

Hand Weapons
 g - a +4 dagger
 x - a +2 dagger of draining (weapon)
Missiles
 C - 2 throwing nets {=f}
Armour
 b - a +1 robe (worn)
 d - a +0 pair of boots (worn)
 o - a +0 pair of gloves (worn)
 v - a +0 helmet (worn)
 y - a +0 cloak (worn)
Jewellery
 a - the ring "Wenoadorr" (left hand) {Dex+3 Stlth+}
   (You found it on level 6 of the Dungeon)

   [ring of stealth]

   It affects your dexterity (+3).
   It makes you more stealthy.
 j - an amulet of reflection (around neck)
Wands
 q - a wand of iceblast (9)
 s - a wand of random effects (19)
Scrolls
 c - 12 scrolls of identify {@r1}
 e - a scroll of fear {unknown}
 f - 3 scrolls of magic mapping
 h - 2 scrolls of enchant armour
 k - 2 scrolls of fog
 l - 2 scrolls of immolation
 n - 8 scrolls of remove curse {@r2}
 r - 2 scrolls of teleportation {unknown}
 w - a scroll of blinking {unknown}
 B - a scroll of enchant weapon {unknown}
Potions
 i - 2 potions of invisibility
 m - 3 potions of flight {unknown}
 p - 3 potions of mutation {unknown}
 t - 3 potions of heal wounds {unknown}
 u - 3 potions of degeneration {unknown}
 z - a potion of magic {unknown}
 A - 2 potions of ambrosia {unknown}
 D - 2 potions of resistance {unknown}
 E - a potion of curing {unknown}

Dungeon Overview and Level Annotations

Branches:
Dungeon (8/15)             Temple (1/1) D:4
   Lair: D:8-11

Altars:
Ashenzari
Cheibriados
Dithmenos
Elyvilon
Gozag
Hepliaklqana
Kikubaaqudgha
Makhleb
Nemelex Xobeh
Qazlal
Sif Muna
Uskayaw
Wu Jian
Xom
Yredelemnul
Zin
The Shining One

Shops:
D:4 ( D:5

* ##### ##...###
##......###
##.........##
#...........##
#............#
#......@.....#
##....J......###
##............##
#.........##.)#
#.........###..#
##........# #.##
#........###.#
#.....#.###..#
#......## #.##


You could see a slime creature.


Message History

* * * LOW HITPOINT WARNING * * *
You hit the slime creature.
The slime creature is almost dead.
The slime creature misses you.
You hit the slime creature but do no damage.
You drain the slime creature.
The slime creature is almost dead.
The slime creature hits you but does no damage.
You hit the slime creature but do no damage.
The slime creature is almost dead.
The slime creature hits you but does no damage.
The slime creature completely misses you.
You hit the slime creature but do no damage.
You drain the slime creature.
The slime creature is almost dead.
You strike the helpless slime creature from behind!
You impale the slime creature!!
You kill the slime creature!
Dithmenos accepts your kill. The slime creature barely misses you.
Casting: Confusing Touch (safe; 1% risk of failure)
Confirm with . or Enter, or press ? or * to list all spells.
Aiming: Ensorcelled Hibernation (safe; 2% risk of failure)
Press: ? - help, Shift-Dir - straight line, f/p - slime creature
Aim: a slime creature (umbra, chance to affect: 36%)
Okay, then.
Okay, then.
Okay, then.
The slime creature hits you!
You die...

Skill      XL: |  1  2  3  4  5  6  7  8  9 10 |
---------------+-------------------------------+-----
Stealth        | 5 6 7 9 11 | 11.2
Short Blades   | 2 3 4 5 7 |  7.4
Dodging        | 3 4 5 6 7 |  7.8
Hexes          | 5 7 8 10 | 10.5
Fighting       | 1 2 3 4 |  4.1
Spellcasting   | 3 4 |  4.7

Action                   |  1- 3 |  4- 6 |  7- 9 | 10-12 || total
-------------------------+-------+-------+-------+-------++-------
Melee: Dagger            |    65 |   128 |   337 |    35 ||   565
       Bite              |     5 |     7 |    39 |     7 ||    58
 Cast: Corona            |     6 |     1 |     4 |       ||    11
       Ensorcelled Hiber |    12 |    35 |    30 |     9 ||    86
       Confusing Touch   |       |    10 |    33 |     1 ||    44
 Abil: Exsanguinate      |     1 |       |       |       ||     1
  Use: Scroll            |       |     5 |     7 |       ||    12
 Stab: Sleeping          |    20 |    27 |    36 |     6 ||    89
       Confused          |       |     6 |    32 |     2 ||    40
       Distracted        |       |       |       |     2 ||     2
Armor: Robe              |     9 |    11 |    14 |     3 ||    37
Dodge: Dodged            |    30 |    46 |   128 |    25 ||   229
Block: Other             |       |    12 |    35 |     2 ||    49
       Reflection        |       |     1 |     2 |       ||     3

Levels and vault maps discovered:
D:1:      lemuel_arrival_tunnels, layout_basic, serial_co_window_serial,
          co_window_paths_a, co_window_of_opportunity_a, co_window_paths_b,
          co_window_paths_a, co_window_of_opportunity_a, co_window_broadway_a,
          co_window_unsneaky_path_a, co_window_broadway_a, co_window_broadway_a,
          co_window_2corner, glass_columns_b, glass_columns_a, glass_columns_a,
          glass_columns_b, minmay_tetromino_i2
D:2:      layout_loops_ring, lemuel_blue_sif_altar
D:3:      layout_basic, elyvilon_altar_4, minmay_diced_spiral
D:4:      layout_basic, minmay_temple_entry_gardened_gates, serial_shops,
          nicolae_shop_waterfront, uniq_ijyb, uniq_pikel
D:5:      layout_basic, kennysheep_mini, kennysheep_little_box, serial_shops,
          nicolae_shop_stone, solitary_fountain, minmay_tree_intersection,
          serial_bayou_pond_d, uniq_edmund, uniq_blork_the_orc
D:6:      layout_rooms, nicolae_tso_carved_into_rock
D:7:      layout_cave_pods, nicolae_overflow_hidden_temple,
          gammafunk_ghost_split, uniq_crazy_yiuf_cottage, uniq_joseph
D:8:      layout_layer_cave
Temple:   dshaligram_water_room_temple

Notes
Turn   | Place    | Note
-------+----------+-------------------------------------------
     0 | D:1      | infcreate the Vampire Enchanter began the quest for the
                  | Orb.
     0 | D:1      | Reached XP level 1. HP: 13/13 MP: 3/3
   462 | D:1      | Reached XP level 2. HP: 15/15 MP: 5/5
   483 | D:1      | Learned a level 2 spell: Ensorcelled Hibernation
  1037 | D:2      | Found a shimmering blue altar of Sif Muna.
  1093 | D:2      | Reached XP level 3. HP: 19/20 MP: 3/6
  1308 | D:2      | Reached skill level 5 in Stealth
  1318 | D:2      | Reached skill level 2 in Short Blades
  1371 | D:2      | Reached skill level 3 in Dodging
  1371 | D:2      | Reached skill level 5 in Hexes
  1503 | D:2      | Reached XP level 4. HP: 24/24 MP: 7/7
  1536 | D:2      | Learned a level 3 spell: Confusing Touch
  1639 | D:2      | Reached skill level 1 in Fighting
  2346 | D:3      | Found a white marble altar of Elyvilon.
  2870 | D:3      | Reached XP level 5. HP: 26/29 MP: 3/8
  4032 | D:4      | Noticed Ijyb
  4037 | D:4      | Noticed a lemure
  4037 | D:4      | Noticed a lemure
  4037 | D:4      | Noticed a lemure
  4037 | D:4      | Noticed a lemure
  4038 | D:4      | Noticed Pikel
  4039 | D:4      | Killed Ijyb
  4114 | D:3      | Killed a lemure
  4440 | D:3      | Killed a lemure
  4821 | D:4      | Found a staircase to the Ecumenical Temple.
  4829 | Temple   | Entered the Ecumenical Temple
  4875 | Temple   | Became a worshipper of Dithmenos the Shadowed
  4962 | D:4      | Reached skill level 3 in Short Blades
  4962 | D:4      | Reached skill level 6 in Stealth
  4962 | D:4      | Reached XP level 6. HP: 34/34 MP: 9/9
  5009 | D:4      | Found Fom Leeh's Weapon Boutique.
  5123 | D:4      | Reached skill level 6 in Hexes
  5140 | D:4      | Reached skill level 4 in Dodging
  5403 | D:4      | Killed Pikel
  5404 | D:4      | Reached skill level 2 in Fighting
  5404 | D:4      | Reached skill level 4 in Short Blades
  5404 | D:4      | Reached skill level 7 in Stealth
  5404 | D:4      | Reached skill level 3 in Spellcasting
  5404 | D:4      | Reached skill level 7 in Hexes
  5404 | D:4      | Reached XP level 7. HP: 27/40 MP: 6/11
  5867 | D:4      | Reached skill level 5 in Dodging
  5898 | D:5      | Entered Level 5 of the Dungeon
  5911 | D:5      | Found Iggyk's Assorted Antiques.
  6186 | D:5      | Reached XP level 8. HP: 40/44 MP: 8/12
  6269 | D:5      | Noticed Blork the orc
  6292 | D:5      | Killed Blork the orc
  6376 | D:5      | Reached skill level 8 in Stealth
  6468 | D:5      | Found a burning altar of Makhleb.
  6507 | D:5      | Found a basalt altar of Yredelemnul.
  6524 | D:5      | Noticed Edmund
  6534 | D:5      | Killed Edmund
  6701 | D:6      | Reached skill level 5 in Short Blades
  6770 | D:6      | Reached skill level 8 in Hexes
  6988 | D:5      | Reached skill level 6 in Dodging
  6988 | D:5      | Reached skill level 9 in Stealth
  7097 | D:6      | Reached skill level 3 in Fighting
  7110 | D:6      | Reached * piety under Dithmenos
  7142 | D:6      | Got a fine glass ring
  7143 | D:6      | Identified the ring "Wenoadorr" {Dex+3 Stlth+} (You found
                  | it on level 6 of the Dungeon)
  7284 | D:6      | Reached XP level 9. HP: 47/50 MP: 10/14
  7696 | D:6      | Found a glowing golden altar of the Shining One.
  7744 | D:6      | Reached skill level 9 in Hexes
  7754 | D:6      | Reached skill level 6 in Short Blades
  7754 | D:6      | Reached skill level 4 in Spellcasting
  7814 | D:6      | Reached ** piety under Dithmenos
  7958 | D:6      | Reached skill level 10 in Stealth
  8278 | D:7      | Found a runed translucent door.
  8283 | D:7      | Noticed Crazy Yiuf
  8289 | D:7      | Killed Crazy Yiuf
  8350 | D:7      | Reached skill level 7 in Dodging
  8561 | D:7      | Found an ornate altar of the Wu Jian Council.
  8617 | D:7      | Noticed Darold's ghost (novice OgGl)
  8625 | D:7      | Found a runed translucent gate.
  8625 | D:7      | Found a runed translucent gate.
  8627 | D:7      | Found a runed translucent gate.
  8744 | D:7      | Reached skill level 10 in Hexes
  9032 | D:7      | Noticed Joseph
  9050 | D:7      | Killed Joseph
  9051 | D:7      | Reached skill level 7 in Short Blades
  9126 | D:7      | Reached *** piety under Dithmenos
  9164 | D:7      | Killed Darold's ghost
  9165 | D:7      | Reached skill level 11 in Stealth
  9165 | D:7      | Reached XP level 10. HP: 35/56 MP: 14/16
  9385 | D:7      | Reached skill level 4 in Fighting
  9818 | D:7      | HP: 4/56 [slime creature (7)]
  9834 | D:7      | Mangled by a slime creature

Vanquished Creatures
  Pikel (D:4)
  The ghost of Darold the Cruncher, a novice OgGl of Dithmenos (D:7)
  Joseph (D:7)
  A slime creature (D:7)
  Edmund (D:5)
  A water moccasin (D:6)
  4 orc warriors
  2 ice beasts
  3 phantoms
  A black bear (D:6)
  4 ogres
  A centaur (D:6)
  3 lemures
  Blork the orc (D:5)
  7 bullfrogs
  2 scorpions
  8 wights
  A howler monkey (D:4)
  A centaur zombie (D:5)
  A bullfrog zombie (D:6)
  A hound (D:4)
  4 orc priests
  4 orc wizards
  Crazy Yiuf (D:7)
  Ijyb (D:4)
  3 iguanas
  5 worker ants
  A howler monkey skeleton (D:7)
  9 gnolls
  10 adders
  2 shadow imps
  A white imp (D:6)
  An ufetubus (D:6)
  An ooze (D:6)
  An adder skeleton (D:4)
  An adder zombie (D:6)
  A worm (D:3)
  A dart slug (D:1)
  5 leopard geckos
  26 orcs
  8 bats
  4 giant cockroaches
  3 goblins
  5 hobgoblins
  7 jackals
  6 kobolds
  4 quokkas
  2 ball pythons
  6 frilled lizards
  9 rats
178 creatures vanquished.

Vanquished Creatures (others)
  An orc (D:5)
  A plant (D:5)
2 creatures vanquished.

Grand Total: 180 creatures vanquished

Table legend: (Time is in decaauts)
 A = Elapsed time spent in this place.
 B = Non-inter-level travel time spent in this place.
 C = Inter-level travel time spent in this place.
 D = Time resting spent in this place.
 E = Time spent auto-exploring this place.
 F = Levels seen in this place.
 G = Mean time per level.
                   A        B        C        D        E       F      G
               +--------+--------+--------+--------+--------+-----+--------+
         Total |   9715 |   7695 |   2020 |   2830 |     41 |   9 | 1079.4 |
       Dungeon |   9659 |   7647 |   2012 |   2830 |      0 |   8 | 1207.4 |
        Temple |     55 |     47 |      8 |      0 |     41 |   1 |   55.0 |
               +--------+--------+--------+--------+--------+-----+--------+

Top non-repeatable levels by time:
     D:3: 1948 daAuts
     D:2: 1730 daAuts
     D:7: 1270 daAuts
     D:4: 1212 daAuts
     D:5: 1154 daAuts
     D:6: 1036 daAuts
     D:1: 977 daAuts
     D:8: 328 daAuts
  Temple: 55 daAuts

Table legend:
 A = Non-vault XP
 B = Vault XP
 C = Vault XP percentage of total XP
 D = Non-vault monster count
 E = Vault monster count
 F = Vault count percentage of total count
                 A         B        C        D         E       F
            +---------+---------+-------+---------+---------+-------
      Total |    4462 |    2475 |  35.7 |     158 |      18 |  10.2
            +---------+---------+-------+---------+---------+-------
        D:1 |      28 |       3 |   9.7 |      16 |       2 |  11.1
        D:2 |     133 |       0 |   0.0 |      25 |       0 |   0.0
        D:3 |      74 |      21 |  22.1 |      11 |       6 |  35.3
        D:4 |     351 |     733 |  67.6 |      12 |       2 |  14.3
        D:5 |     546 |     256 |  31.9 |      16 |       2 |  11.1
        D:6 |    1861 |       0 |   0.0 |      43 |       0 |   0.0
        D:7 |    1148 |    1462 |  56.0 |      27 |       6 |  18.2
        D:8 |     321 |       0 |   0.0 |       8 |       0 |   0.0
            +---------+---------+-------+---------+---------+-------
